 Dungeon Crawl Stone Soup version 0.30-a0-389-g8d7d949f56 (webtiles) character file.

Game seed: 5528436216029651944

798 Anamonty the Stinger (level 7, -5/45 HPs)
             Began as an Octopode Venom Mage on Dec 3, 2022.
             Splashed by a jelly's acid (7 damage)
             ... on level 5 of the Dungeon.
             The game lasted 00:07:01 (3831 turns).

Anamonty the Stinger (Octopode Venom Mage)          Turns: 3831, Time: 00:07:02

Health: -5/45      AC: -7    Str: 15    XL:     7   Next: 89%
Magic:  4/12       EV: 13    Int: 17    God:
Gold:   2394       SH:  0    Dex:  7    Spells: 3/13 levels left

rFire   . . .      SeeInvis .    m - +7 spear of the Thieving Gods {flame, Str+5 Dex-5}
rCold   . . .      Faith    .    (no shield)
rNeg    . . .      Spirit   .    (helmet restricted)
rPois   .          Reflect  .    (no amulet)
rElec   .          Harm     .    p - ring of wizardry
rCorr   .          Rampage  .    (no ring)
Will    .....                    (no ring)
Stlth   +++.......               (no ring)
HPRegen 0.27/turn                (no ring)
MPRegen 0.13/turn                (no ring)
                                 (no ring)
                                 (no ring)

@: corroded
A: almost no armour, amphibious, 8 rings, camouflage 1, gelatinous body 1,
(nimble swimmer 1), tentacles
a: no special abilities


You were on level 5 of the Dungeon.
You visited 1 branch of the dungeon, and saw 5 of its levels.

You collected 2394 gold pieces.

Inventory:

Hand Weapons
 m - the +7 spear of the Thieving Gods (weapon) {flame, Str+5 Dex-5}
   (You found it on level 2 of the Dungeon)

   It burns those it strikes, dealing additional fire damage.
   Str:       It affects your strength (+5).
   Dex:       It affects your dexterity (-5).
Magical Staves
 e - a staff of poison
Jewellery
 f - an amulet of faith
 p - a ring of wizardry (left tentacle)
Scrolls
 b - 2 scrolls of teleportation {unknown}
 d - 2 scrolls of amnesia
 g - a scroll of vulnerability {unknown}
 k - a scroll of blinking {unknown}
 l - 4 scrolls of magic mapping {unknown}
Potions
 a - a potion of magic
 c - 2 potions of berserk rage
 h - a potion of curing
 i - 2 potions of invisibility {unknown}
 n - a potion of brilliance
 o - a potion of ambrosia
 q - a potion of degeneration {unknown}
 r - 2 potions of mutation {unknown}


   Skills:
 + Level 2.1 Fighting
 + Level 4.0 Dodging
 - Level 2.6 Stealth
 + Level 2.0 Unarmed Combat
 + Level 3.8 Spellcasting
 + Level 2.4 Transmutations
 * Level 7.3 Poison Magic


You had 3 spell levels left.
You knew the following spells:

 Your Spells              Type           Power      Damage    Failure   Level
a - Sting                 Tmut/Pois      76%        1d6       1%          1
b - Poisonous Vapours     Pois/Air       30%        N/A       2%          2
c - Olgreb's Toxic Radia  Pois           28%        N/A       3%          4
d - Mephitic Cloud        Conj/Pois/Air  11%        N/A       8%          3

Your spell library contained the following spells:

 Spells                   Type           Power      Damage    Failure   Level
 Magic Dart               Conj           12%        1d3       6%          1
 Searing Ray              Conj           6%         2d4       10%         2
 Fulminant Prism          Conj/Hex       1%         3d5       52%         4


Dungeon Overview and Level Annotations

Branches:
Dungeon (5/15)
 Temple: D:4-7

Altars:
Kikubaaqudgha
Sif Muna
Uskayaw
Zin

Annotations:
D:3 1 runed translucent door, Crazy Yiuf


Innate Abilities, Weirdness & Mutations

You cannot wear most types of armour.
You are amphibious.
You can wear up to eight rings at the same time.
Your skin changes colour to match your surroundings (Stealth+).
Your rubbery body absorbs attacks. (AC +1, EV +1)
((You are camouflaged when in or above water. (Stealth+)))
You have tentacles for arms and can constrict up to eight enemies at once.


Message History

The jelly quivers.
Things that are here:
a +0 short sword; a +0 dagger; a +0 robe An ufetubus comes into view.
The ufetubus shouts!
There is an escape hatch in the floor here.
Casting: Olgreb's Toxic Radiance (dangerous; 3% risk of failure)
Confirm with . or Enter, or press ? or * to list all spells.
Aiming: Sting (safe; 1% risk of failure)
Press: ? - help, Shift-Dir - straight line, f - jelly
Aim: a jelly (100% to hit)
The sting hits the jelly.
The jelly partially resists.
The jelly is poisoned.
The jelly is lightly wounded.
Casting: Sting (safe; 1% risk of failure)
Confirm with . or Enter, or press ? or * to list all spells.
Aiming: Sting (safe; 1% risk of failure)
Press: ? - help, Shift-Dir - straight line, f/p - jelly
Aim: a jelly (lightly wounded, poisoned, 100% to hit)
The sting hits the jelly.
The jelly partially resists.
The jelly is moderately wounded.
You hit the jelly. You burn the jelly. The acid corrodes you!
Your tentacles burn!
The jelly is heavily wounded.
The jelly hits you. The acid corrodes you!
You are splashed with acid!
An adder comes into view.
The adder hisses angrily.
You hit the jelly. You burn the jelly.
Your tentacles burn!
The jelly is severely wounded.
The ufetubus hits you. The ufetubus closely misses you. The jelly hits you.
You are splashed with acid!
* * * LOW HITPOINT WARNING * * *
You are too injured to fight recklessly!
You barely miss the jelly.
The jelly is severely wounded.
The ufetubus hits you.
* * * LOW HITPOINT WARNING * * *
The ufetubus closely misses you. The jelly hits you.
* * * LOW HITPOINT WARNING * * *
You are splashed with acid!
You die...

#...... ......# #...# .S....#
....## .....)# #....###...)..#
###.......)....#
##......##J5)...#
##......###@.....#.#.###
##..##....##)......!....##
##.........##......#......# .
#..................#......#..
##...##.........#.............
#............##.##............
##.............................
#.......)......................
#.......^.............._...#..#


You could see a jelly (poisoned), an adder and an ufetubus.

Vanquished Creatures
  An ice beast (D:5)
  A black bear (D:4)
  2 phantoms
  A hound (D:4)
  A gnoll bouda (D:5)
  An orc priest (D:5)
  Jessica (D:3)
  An orc wizard (D:5)
  Natasha (thrice) (D:3)
  Robin (D:2)
  8 adders
  9 gnolls
  A white imp (D:5)
  3 dart slugs
  10 orcs
  2 endoplasms (D:2)
  4 giant cockroaches
  13 goblins
  8 hobgoblins
  2 quokkas
  4 ball pythons (D:1)
  3 bats
  5 frilled lizards
  7 kobolds
  2 rats
94 creatures vanquished.

Notes
Turn   | Place    | Note
-------+----------+-------------------------------------------
     0 | D:1      | Anamonty the Octopode Venom Mage began the quest for the
                  | Orb.
     0 | D:1      | Reached XP level 1. HP: 11/11 MP: 3/3
   486 | D:1      | Reached skill level 4 in Poison Magic
   486 | D:1      | Reached XP level 2. HP: 17/17 MP: 1/5
   543 | D:1      | Learned a level 2 spell: Poisonous Vapours
  1238 | D:2      | Reached XP level 3. HP: 21/21 MP: 2/6
  1591 | D:2      | Reached XP level 4. HP: 27/27 MP: 4/7
  1655 | D:2      | Learned a level 4 spell: Olgreb's Toxic Radiance
  1697 | D:2      | Identified the +7 spear of the Thieving Gods {flame, Str+5
                  | Dex-5}
  1816 | D:2      | Reached skill level 5 in Poison Magic
  1819 | D:2      | Noticed Robin
  1891 | D:2      | Killed Robin
  1973 | D:2      | Reached XP level 5. HP: 31/31 MP: 4/9
  2137 | D:3      | Noticed Natasha
  2236 | D:3      | Killed Natasha
  2238 | D:3      | Noticed Jessica
  2245 | D:3      | Killed Jessica
  2250 | D:3      | Reached skill level 6 in Poison Magic
  2429 | D:3      | Found a runed translucent door.
  2430 | D:3      | Noticed Crazy Yiuf
  2605 | D:3      | Noticed Natasha
  2614 | D:3      | Killed Natasha
  2615 | D:3      | Reached XP level 6. HP: 36/36 MP: 7/10
  2728 | D:3      | Noticed Natasha
  2735 | D:3      | Killed Natasha
  2933 | D:4      | Learned a level 3 spell: Mephitic Cloud
  2942 | D:3      | Identified 3 scrolls of acquirement
  2944 | D:3      | Acquired 1093 gold pieces
  2946 | D:3      | Acquired 1093 gold pieces
  2948 | D:3      | Acquired a staff of poison
  3070 | D:4      | Reached skill level 1 in Fighting
  3070 | D:4      | Reached skill level 1 in Unarmed Combat
  3230 | D:4      | Noticed a black bear
  3243 | D:4      | Killed a black bear
  3244 | D:4      | Reached XP level 7. HP: 43/43 MP: 3/12
  3554 | D:5      | Entered Level 5 of the Dungeon
  3554 | D:5      | Found a hide-covered altar of Uskayaw.
  3554 | D:5      | Found a shimmering blue altar of Sif Muna.
  3555 | D:5      | Found an ancient bone altar of Kikubaaqudgha.
  3555 | D:5      | Found a glowing silver altar of Zin.
  3645 | D:5      | Reached skill level 7 in Poison Magic
  3831 | D:5      | HP: 2/45 [jelly (2)]
  3831 | D:5      | Splashed by a jelly's acid

Illustrated notes

Levels and vault maps discovered:
D:1:      lemuel_arrival_behind_the_door_small, layout_basic,
          minmay_misc_feat_ornament
D:2:      layout_basic, uniq_robin
D:3:      layout_rooms, uniq_natasha, uniq_crazy_yiuf_cottage, uniq_jessica
D:4:      layout_rooms
D:5:      layout_cave_pools, marbit_many_paths, nzn_wu_jian_contemplation,
          chequers_temple_overflow_statue_of_worship, serial_undead,
          serial_undead_e, serial_undead_a, serial_undead_d, serial_undead_a

Skill      XL: |  1  2  3  4  5  6  7 |
---------------+----------------------+-----
Poison Magic   | 4 5 6 7 |  7.3
Dodging        | 3 4 |  4.0
Spellcasting   | 3 |  3.8
Fighting       | 1 2 |  2.1
Unarmed Combat | 1 2 |  2.0
Transmutations | 2 |  2.4
Stealth        | |  2.6

Action                   |  1- 3 |  4- 6 |  7- 9 || total
-------------------------+-------+-------+-------++-------
Melee: Unarmed           |    27 |       |       ||    27
       Constrict         |     8 |     9 |     5 ||    22
       Tentacles         |     5 |     6 |     3 ||    14
       Spear             |       |    65 |    29 ||    94
       Punch             |       |       |     1 ||     1
 Cast: Sting             |    30 |    16 |     2 ||    48
       Poisonous Vapours |    12 |     8 |       ||    20
       Olgreb's Toxic Ra |       |     4 |     7 ||    11
  Use: Scroll            |       |     9 |       ||     9
       Potion            |       |       |     2 ||     2
 Stab: Sleeping          |     3 |     5 |     1 ||     9
       Distracted        |       |     1 |       ||     1
Armor: Skin              |     3 |     1 |     4 ||     8
Dodge: Dodged            |    32 |    23 |    16 ||    71

Table legend: (Time is in decaauts)
 A = Elapsed time spent in this place.
 B = Non-inter-level travel time spent in this place.
 C = Inter-level travel time spent in this place.
 D = Time resting spent in this place.
 E = Time spent auto-exploring this place.
 F = Levels seen in this place.
 G = Mean time per level.
                   A        B        C        D        E       F      G
               +--------+--------+--------+--------+--------+-----+--------+
         Total |   3858 |   3705 |    153 |      0 |   2990 |   5 |  771.6 |
       Dungeon |   3858 |   3705 |    153 |      0 |   2990 |   5 |  771.6 |
               +--------+--------+--------+--------+--------+-----+--------+

Top non-repeatable levels by time:
     D:1: 1135 daAuts
     D:2: 1096 daAuts
     D:3: 817 daAuts
     D:4: 521 daAuts
     D:5: 288 daAuts
